 Dungeon Crawl Stone Soup version 0.28.0-45-g0d030f2227 (webtiles) character file.

Game seed: 10361507087794820622

24 NinjaNoafa the Conjurer (level 2, -1/20 HPs)
             Began as a Draconian Conjurer on Apr 14, 2022.
             Killed by an exploding Jessica (7 damage)
             ... ignited by their inner flame
             ... on level 2 of the Dungeon.
             The game lasted 00:02:07 (1594 turns).

NinjaNoafa the Conjurer (Draconian Conjurer)        Turns: 1594, Time: 00:02:08

Health: -1/20      AC:  4    Str:  9    XL:     2   Next: 79%
Magic:  0/5        EV: 12    Int: 18    God:
Gold:   42         SH:  0    Dex:  9    Spells: 2/5 levels left

rFire   . . .      SeeInvis .   c - +0 whip
rCold   . . .      Faith    .   (no shield)
rNeg    . . .      Spirit   .   (armour unavailable)
rPois   .          Reflect  .   (helmet restricted)
rElec   .          Harm     .   (no cloak)
rCorr   .          Rampage  .   (no gloves)
Will    .....                   (no boots)
Stlth   ++........              (no amulet)
HPRegen 0.06/turn               (no ring)
MPRegen 0.09/turn               (no ring)

@: no status effects
A: AC +4, unfitting armour, cold-blooded
a: no special abilities


You were on level 2 of the Dungeon.
You visited 1 branch of the dungeon, and saw 2 of its levels.

You collected 42 gold pieces.

Inventory:

Hand Weapons
 c - a +0 whip (weapon)
Missiles
 a - 73 stones
 e - 6 datura-tipped darts
Scrolls
 d - a scroll of enchant weapon {unknown}
 f - a scroll of fear {unknown}


   Skills:
 + Level 2.1 Dodging
 - Level 2.0 Stealth
 + Level 2.2 Spellcasting
 + Level 4.2 Conjurations
 + Level 0.9 Hexes


You had 2 spell levels left.
You knew the following spells:

 Your Spells              Type           Power      Damage    Failure   Level
a - Magic Dart            Conj           68%        1d6       3%          1
b - Searing Ray           Conj           34%        2d5       4%          2

Your spell library contained the following spells:

 Spells                   Type           Power      Damage    Failure   Level
 Dazzling Flash           Conj/Hex       22%        N/A       19%         3
 Fulminant Prism          Conj/Hex       5%         3d7       52%         4
 Iskenderun's Mystic Bla  Conj/Tloc      9%         2d4       58%         4


Dungeon Overview and Level Annotations

Branches:
Dungeon (2/15)

Altars:


Innate Abilities, Weirdness & Mutations

Your plain brown scales are hard. (AC +4)
You cannot fit into any form of body armour.
You are cold-blooded and may be slowed by cold attacks.


Message History

Aiming: Searing Ray (safe; 4% risk of failure)
Press: ? - help, Shift-Dir - straight line, f - goblin
Aim: a goblin, wielding a +0 club (72% to hit)
The searing ray misses the goblin. (Press . to maintain the ray.) Jessica shouts!
Casting: Searing Ray (safe; 4% risk of failure)
Confirm with . or Enter, or press ? or * to list all spells.
Restarting spell: Searing Ray (safe; 4% risk of failure)
Press: ? - help, Shift-Dir - straight line, f/p - goblin
Aim: a goblin, wielding a +0 club (72% to hit)
The searing ray hits the goblin!
You kill the goblin! (Press . to maintain the ray.)
The searing ray hits Jessica.
Jessica is moderately wounded.
Jessica hits you but does no damage.
You hit Jessica but do no damage.
Jessica is moderately wounded.
Jessica hits you with a +0 club.
You closely miss Jessica.
Jessica is moderately wounded.
Jessica gestures at you while chanting. Pain shoots through your body!
You hit Jessica.
Jessica is heavily wounded.
Jessica hits you with a +0 club.
You barely miss Jessica.
You tail-slap Jessica, but do no damage.
Jessica is heavily wounded.
Jessica barely misses you.
You aren't carrying any potions.
As you read the scroll labelled YPONIX ICET, it crumbles to dust.
The creatures around you are filled with an inner flame!
It was a scroll of immolation.
Jessica hits you with a +0 club.
* * * LOW HITPOINT WARNING * * *
You hit Jessica.
Jessica explodes!
The fiery explosion engulfs you!
You die...

# #.
###.####
......##
#.#§§.####
#..§)§...+
#.#§@§####
#..#<##
##.#.# #
#.# ..#
###


There were no monsters in sight!

Vanquished Creatures
  Jessica (D:2)
  A gnoll (D:1)
  A bat (D:1)
  An endoplasm (D:1)
  2 goblins
  A hobgoblin (D:1)
  3 kobolds (D:1)
  2 ball pythons (D:1)
  A frilled lizard (D:1)
  2 rats (D:1)
15 creatures vanquished.

Notes
Turn   | Place    | Note
-------+----------+-------------------------------------------
     0 | D:1      | NinjaNoafa the Draconian Conjurer began the quest for the
                  | Orb.
     0 | D:1      | Reached XP level 1. HP: 14/14 MP: 3/3
   150 | D:1      | Found a faded altar of an unknown god.
   641 | D:1      | Reached XP level 2. HP: 20/20 MP: 5/5
   654 | D:1      | HP: 1/20 [gnoll/+0 spear (4)]
  1288 | D:1      | Learned a level 2 spell: Searing Ray
  1582 | D:2      | Noticed Jessica
  1594 | D:2      | Killed Jessica
  1594 | D:2      | Killed by an exploding Jessica... ignited by their inner
                  | flame

Illustrated notes

Levels and vault maps discovered:
D:1:      nagdon_arrival_zigzag_paths, layout_basic,
          ebering_ecumenical_altar_rust, chequers_serial_rivers_micro_e
D:2:      layout_loops_corners, basic_altar, chequers_serial_rivers_room_b,
          minivault_27, cheibrodos_gnoll_hut, uniq_jessica, uniq_natasha

Skill      XL: |  1  2 |
---------------+-------+-----
Stealth        | 2 |  2.0
Dodging        | 2 |  2.1
Spellcasting   | |  2.2
Conjurations   | |  4.2
Hexes          | |  0.9

Action                   || total
-------------------------++-------
Melee: Whip              ||    26
       Unarmed           ||     9
       Tailslap          ||     2
 Cast: Magic Dart        ||    22
       Searing Ray       ||     4
  Use: Scroll            ||     1
Armor: Skin              ||     7
Dodge: Dodged            ||    24
